 Dungeon Crawl Stone Soup version 0.17-a0-1093-g0b3cd89 (webtiles) character file.

2524 halfnothing the Blocker (level 9, -1/72 HPs)
             Began as a Formicid Fighter on May 20, 2015.
             Was a Priest of Okawaru.
             Slain by Erolcha
             ... wielding a +0 giant spiked club
              (12 damage)
             ... on level 9 of the Dungeon.
             The game lasted 00:28:08 (7938 turns).

halfnothing the Blocker (Formicid Fighter)          Turns: 7938, Time: 00:28:08

Health: -1/72      AC:  8    Str: 26    XL:     9   Next: 84%
Magic:  9/9        EV: 11    Int:  8    God:    Okawaru [***...]
Gold:   366        SH: 12    Dex: 10    Spells: 0 memorised, 8 levels left

rFire  + . .     SeeInvis +     a - +0 war axe
rCold  + . .     Clarity  .     b - +0 steam dragon armour
rNeg   . . .     SustAb   .     c - +0 shield
rPois  +         Gourm    .     (helmet unavailable)
rElec  +         Spirit   .     (no cloak)
rCorr  +         Warding  .     A - +0 pair of gloves
rMut   .         Stasis   +     K - +0 pair of boots
MR     +....                    f - amulet of resist corrosion
Stlth  +.........               E - +2 ring of strength
                                d - ring of protection from magic

@: resistant, somewhat resistant to hostile enchantments, very unstealthy
A: permanent stasis, dig shafts and tunnels, four strong arms, antennae 3
a: Dig, Shaft Self, Heroism, Renounce Religion


You were on level 9 of the Dungeon.
You worshipped Okawaru.
Okawaru was most pleased with you.
You were very hungry.

You visited 2 branches of the dungeon, and saw 10 of its levels.

You collected 366 gold pieces.

Inventory:

Hand weapons
 a - a +0 war axe (weapon)
Armour
 b - a +0 steam dragon armour (worn)
 c - a +0 shield (worn)
 A - a +0 pair of gloves (worn)
 D - a +0 ice dragon armour
 K - a +0 pair of boots (worn)
Magical staves
 J - an uncursed staff of wizardry
Jewellery
 d - a ring of protection from magic (left hand)
 f - an amulet of resist corrosion (around neck)
 E - a +2 ring of strength (right hand)
 H - an uncursed ring of flight
Magical devices
 t - a wand of slowing (12)
 x - a wand of magic darts (32)
Scrolls
 h - 8 scrolls of identify {unknown}
 i - 5 scrolls of amnesia {unknown}
 k - a scroll of fear {unknown}
 l - 2 scrolls of blinking {unknown}
 n - 6 scrolls of remove curse {unknown}
 p - a scroll of enchant weapon {unknown}
 q - 4 scrolls of magic mapping {unknown}
 s - 2 scrolls of immolation {unknown}
 v - a scroll of fog {unknown}
 y - a scroll of recharging {unknown}
 B - 2 scrolls of noise {unknown}
 L - a scroll of teleportation {unknown}
Potions
 e - a potion of ambrosia {unknown}
 g - a potion of resistance
 w - 3 potions of mutation {unknown}
 z - 4 potions of heal wounds {unknown}
 F - a potion of haste {unknown}
 G - 2 potions of flight {unknown}
 I - a potion of poison {unknown}
Books
 M - a book of Power

   Spells                             Type                      Level
   a - Fulminant Prism                Conjuration/Hexes            4
   b - Iskenderun's Mystic Blast      Conjuration                  4
   c - Venom Bolt                     Conjuration/Poison           5
   d - Bolt of Magma                  Conjuration/Fire/Earth       5
   e - Iron Shot                      Conjuration/Earth            6
   f - Orb of Destruction             Conjuration                  7
   g - Spellforged Servitor           Conjuration/Summoning        7
Comestibles
 j - 4 fruits
 m - a meat ration
 o - 2 slices of pizza
 r - 5 bread rations
 C - 4 beef jerkies


   Skills:
 + Level 7.1 Fighting
 * Level 7.7 Axes
 + Level 6.3 Armour
 - Level 9.0 Shields


You had 8 spell levels left.
You didn't know any spells.

Dungeon Overview and Level Annotations

Branches:
Dungeon (9/15)             Temple (1/1) D:4
   Lair: D:8-11         Orc: D:9-12

Altars:
Ashenzari
Cheibriados
Dithmenos
Elyvilon
Fedhas
Gozag
Kikubaaqudgha
Nemelex Xobeh
Okawaru
Qazlal
Ru
Sif Muna
Trog
Xom
Yredelemnul
The Shining One

Shops:
D:7 *

Annotations:
D:8 Pikel
D:9 Erolcha, Psyche


Innate Abilities, Weirdness & Mutations

You are under a permanent stasis effect.
You can dig through walls and to a lower floor.
Your four strong arms can wield two-handed weapons with a shield.
You have a pair of large antennae on your head (SInv).


Message History

It is a wand of lightning.
Erolcha zaps a wand.
The bolt of lightning hits you!
* * * LOW HITPOINT WARNING * * *
The crimson imp blinks!
Drink which item? (? for menu, Esc to quit)
You feel better. Erolcha closely misses you. The iguana misses you.
The crimson imp blinks!
Drink which item? (? for menu, Esc to quit)
You feel protected. You block Erolcha's attack. You block the iguana's attack.
You block the quokka zombie's attack.
You hit Erolcha but do no damage.
Erolcha is severely wounded.
You hit the quokka zombie. You hit the iguana.
The iguana is moderately wounded.
You are feeling very hungry.
Erolcha barely misses you. The iguana bites you.
* * * LOW HITPOINT WARNING * * *
The quokka zombie barely misses you.
Erolcha hits you with a giant spiked club!
You die...

h##.....#. .h....{{.#
......@..# ...h.....#
#{...... .## #{..l.#
?<..
.#.########...##.....
.....5Z@l.##.........
###...O##..#..###....
####h....).........
#######.####... ### .


You could see Erolcha, an iguana, a crimson imp, a quokka zombie and a jackal.

Vanquished Creatures
  The ghost of Lugonue the Covert, an experienced OpAs (D:5)
  2 hippogriffs
  Edmund (D:4)
  An orc warrior (D:6)
  2 ogres
  A centaur (D:5)
  A giant frog (D:7)
  6 killer bees (D:8)
  2 crimson imps
  A jelly (D:7)
  4 iguanas
  8 orc wizards
  2 hounds
  5 orc priests
  6 worker ants
  A killer bee zombie (D:6)
  8 gnolls
  8 adders
  An ooze (D:2)
  2 adder skeletons (D:5)
  5 worms
  6 giant geckos
  25 orcs
  A bat skeleton (D:4)
  8 giant cockroaches
  13 hobgoblins
  21 jackals
  14 kobolds
  4 quokkas
  4 ball pythons
  8 bats
  3 giant newts
  14 goblins
  2 quokka skeletons (D:4)
  13 rats
204 creatures vanquished.

Vanquished Creatures (others)
  A jackal (D:9)
1 creature vanquished.

Grand Total: 205 creatures vanquished

Notes
Turn   | Place    | Note
--------------------------------------------------------------
     0 | D:1      | halfnothing the Formicid Fighter began the quest for the Orb.
     0 | D:1      | Reached XP level 1. HP: 18/18 MP: 1/1
    56 | D:1      | Reached skill level 4 in Shields
   283 | D:1      | Reached XP level 2. HP: 24/24 MP: 2/2
   907 | D:2      | Reached XP level 3. HP: 29/29 MP: 3/3
   946 | D:2      | Reached skill level 5 in Shields
  1056 | D:2      | HP: 1/29 [adder (1)]
  1125 | D:2      | Reached XP level 4. HP: 20/35 MP: 4/4
  1172 | D:2      | Reached skill level 6 in Shields
  1767 | D:3      | Reached XP level 5. HP: 30/41 MP: 5/5
  1771 | D:3      | Reached skill level 7 in Shields
  1999 | D:3      | Found a sacrificial altar of Ru.
  2049 | D:3      | Reached XP level 6. HP: 37/47 MP: 6/6
  2293 | D:3      | Reached skill level 8 in Shields
  2562 | D:4      | Reached skill level 9 in Shields
  2562 | D:4      | Reached XP level 7. HP: 19/52 MP: 7/7
  2803 | D:4      | Found a blossoming altar of Fedhas.
  2842 | D:4      | Found a stormy altar of Qazlal.
  2888 | D:4      | Noticed Edmund
  2907 | D:4      | Killed Edmund
  2911 | D:4      | Found a staircase to the Ecumenical Temple.
  2924 | Temple   | Entered the Ecumenical Temple
  3022 | Temple   | Became a worshipper of Warmaster Okawaru
  3455 | D:4      | Found an opulent altar of Gozag.
  3468 | D:4      | Found a shimmering altar of Xom.
  3477 | D:4      | Found a bloodstained altar of Trog.
  3599 | D:4      | Reached XP level 8. HP: 58/61 MP: 8/8
  3695 | D:5      | Entered Level 5 of the Dungeon
  3699 | D:5      | Noticed Lugonue's ghost (experienced OpAs)
  4089 | D:5      | Found a shadowy altar of Dithmenos.
  4291 | D:5      | Killed Lugonue's ghost
  4291 | D:5      | Acquired Okawaru's first power
  4291 | D:5      | Reached skill level 5 in Fighting
  4291 | D:5      | Reached skill level 5 in Axes
  4988 | D:6      | Reached skill level 5 in Armour
  5115 | D:6      | Found a sparkling altar of Nemelex Xobeh.
  5118 | D:6      | Reached XP level 9. HP: 69/69 MP: 9/9
  5327 | D:6      | Found an ancient bone altar of Kikubaaqudgha.
  6696 | D:7      | Found Rodubaew's Assorted Antiques.
  6942 | D:7      | Found a snail-covered altar of Cheibriados.
  7384 | D:7      | Found a blossoming altar of Fedhas.
  7887 | D:8      | Noticed a manticore
  7895 | D:8      | Noticed Pikel
  7914 | D:8      | You fall through a shaft!
  7914 | D:9      | Noticed Psyche
  7915 | D:9      | Noticed Erolcha
  7935 | D:9      | HP: 1/72 [Erolcha/wand of lightning (24)]
  7938 | D:9      | Slain by Erolcha

Vault maps used:
D:1:      ncdulo_wetmaze
D:3:      nicolae_ru_awakened_eye, roderic_serpentine_path
D:4:      nicolae_qazlal_general_emergency, nicolae_overflow_hidden_temple,
          minitemple, temple_pool_b, kennysheep_generic_room_12, uniq_edmund
D:5:      grunt_dithmenos_smoke, first_bread
D:6:      nicolae_overflow_crystal_walls, lemuel_doored_altar,
          kennysheep_generic_room_2
D:7:      slow_altar_2, basic_altar, serial_shops, shop
D:8:      uniq_pikel
D:9:      grunt_temple_overflow_lords_of_destruction, kennysheep_mini_moat,
          dpeg_lair_monsters, serial_shops, shop, grunt_pizzeria, uniq_psyche,
          uniq_erolcha
Temple:   temple_of_Zot_ovaries

Action                   |  1- 3 |  4- 6 |  7- 9 || total
-------------------------+-------+-------+-------++-------
Melee: War axe           |   110 |   127 |   439 ||   676
 Abil: Dig               |     6 |     1 |    10 ||    17
       Shaft Self        |       |       |     1 ||     1
Evoke: Wand              |       |       |     3 ||     3
  Use: Potion            |     1 |       |     7 ||     8
  Eat: Chunk             |     2 |       |    18 ||    20
       Bread ration      |       |     1 |       ||     1
